 Dungeon Crawl Stone Soup version 0.31-a0-1074-g0b22e4e0f1 (webtiles) character file.

Game seed: 18216561492569178098

154 timneilson the Ruffian (level 5, -2/35 HPs)
             Began as an Octopode Shapeshifter on Nov 27, 2023.
             Slain by an orc wizard
             ... wielding a +0 dagger of venom
              (4 damage)
             ... on level 4 of the Dungeon.
             The game lasted 00:06:16 (2963 turns).

timneilson the Ruffian (Octopode Shapeshifter)      Turns: 2963, Time: 00:06:16

Health: -2/35      AC:  1    Str: 15    XL:     5   Next: 36%
Magic:  5/5        EV: 13    Int: 13    God:
Gold:   182        SH:  0    Dex: 11    Spells: 4/4 levels left

rFire   . .          .
                       - Unarmed
rCold   . . .        (no shield)
rNeg    . . .        (helmet currently unavailable)
rPois   .            (no amulet)
rElec   .            (no ring)
rCorr   .            (no ring)
SInv    .            (no ring)
Will    .....        (no ring)
Stlth   +++          (no ring)
HPRegen 0.25/turn    (no ring)
MPRegen 0.09/turn    (no ring)
                     (no ring)

%: no passive effects
@: lethally poisoned (-2 -> -17), beast-form
A: beast (slay +2), almost no armour, amphibious, 8 rings, camouflage 1,
gelatinous body 1, (nimble swimmer 1), tentacles
a: Begin Untransformation


You were on level 4 of the Dungeon.
You were a hulking beast.
You visited 1 branch of the dungeon, and saw 4 of its levels.

You collected 182 gold pieces.

Inventory:

Talismans
 b - a beast talisman
 c - a flux talisman
 e - a blade talisman
 g - a dragon-blood talisman
Scrolls
 d - a scroll of immolation
 h - a scroll of fear
 l - a scroll of fog
Potions
 a - 2 potions of lignification
 f - a potion of invisibility
 i - a potion of heal wounds
 j - a potion of ambrosia {unknown}
 k - 2 potions of brilliance


   Skills:
 * Level 2.4 Fighting
 * Level 3.0 Dodging
 + Level 1.8 Stealth
 * Level 3.8 Unarmed Combat
 * Level 3.7 Shapeshifting


You had 4 spell levels left.
You didn't know any spells.
Your spell library was empty.

Dungeon Overview and Level Annotations

Branches:
Dungeon (4/15)
 Temple: D:4-7

Altars:


Innate Abilities, Weirdness & Mutations

You are a hulking beast.
Your limbs bulge with bestial killing power. (Slay +2)
You cannot wear most types of armour.
You are amphibious.
You can wear up to eight rings at the same time.
Your skin changes colour to match your surroundings (Stealth+).
Your rubbery body absorbs attacks. (AC +1, EV +1)
((You are camouflaged when in or above water. (Stealth+)))
You have tentacles for arms and can constrict up to eight enemies at once.


Message History

You tentacle-slap the orc. Your grab misses the orc. You squeeze the orc.
You kill the orc!
You bludgeon the orc!
You kill the orc!
Something hits you.
You are poisoned.
You bludgeon the orc!
You kill the orc!
You feel very sick. Something hits you.
You are more poisoned.
You barely miss something. Your squeeze misses something.
You feel very sick. Something hits you.
You are lethally poisoned!
You miss something. Your squeeze misses something.
You feel very sick. The orc completely misses you. Something hits you.
You are more poisoned.
You miss something.
* * * LOW HITPOINT WARNING * * *
You feel extremely sick. The orc hits you with a +0 club.
* * * LOW HITPOINT WARNING * * *
Something hits you but does no damage.
You are more poisoned.
You feel much better.
You feel extremely sick. The orc closely misses you.
You hear some strange, mumbled words.
A puff of flame appears from out of thin air!
The puff of flame hits you!
You barely miss something.
* * * LOW HITPOINT WARNING * * *
You feel very sick.
You closely miss something.
* * * LOW HITPOINT WARNING * * *
You feel very sick. Something hits you.
You die...

#############
#.....
#...........#
#.....
#...........#
#.....
+..o........#
#.....
.#####..{h.......#
#.....
........####.....#
#..... ........#
#.....# #.....
#.......+ #.....#
#..... #......o#
#.....# #.....
+.......# #.....#
#..... #......>#
#.....####.....
#######..
#####.......###
#.. #.......#


You could see an orc.

Vanquished Creatures
  An iguana (D:4)
  An orc wizard (D:3)
  An adder (D:3)
  A worm (D:2)
  7 orcs
  4 bats
  6 endoplasms
  5 giant cockroaches
  5 goblins
  11 hobgoblins
  10 jackals
  7 kobolds
  A quokka (D:3)
  7 ball pythons
  5 frilled lizards
  4 rats
76 creatures vanquished.

Notes
Turn   | Place    | Note
-------+----------+-------------------------------------------
     0 | D:1      | timneilson the Octopode Shapeshifter began the quest for
                  | the Orb.
     0 | D:1      | Reached XP level 1. HP: 13/13 MP: 1/1
    94 | D:1      | Reached XP level 2. HP: 18/18 MP: 2/2
   367 | D:1      | Reached XP level 3. HP: 23/23 MP: 3/3
  1023 | D:2      | Reached skill level 1 in Stealth
  1616 | D:2      | Found a faded altar of an unknown god.
  1689 | D:2      | Reached XP level 4. HP: 27/29 MP: 4/4
  2390 | D:3      | Reached XP level 5. HP: 34/34 MP: 5/5
  2960 | D:4      | HP: 1/35 [orc/+0 club (4)]
  2963 | D:4      | Slain by an orc wizard

Illustrated notes

Levels and vault maps discovered:
D:1:      roderic_crossed_star, layout_loops_corners
D:2:      layout_basic, serial_forest, infiniplex_forest_straight_2,
          infiniplex_forest_lined_4_way, infiniplex_forest_clump_small,
          infiniplex_forest_clump_large, infiniplex_forest_zigzag_2,
          infiniplex_forest_lined_3_way, infiniplex_forest_straight_2,
          infiniplex_forest_clump_double, infiniplex_forest_fountain,
          infiniplex_forest_zigzag_1, hellmonk_ecumenical_altar_inner_sanctum,
          minivault_23
D:3:      layout_loops_ring, nicolae_eternal_life
D:4:      layout_gridville, portal_sewer_entry_f

Skill      XL: |  1  2  3  4  5 |
---------------+----------------+-----
Stealth        | 1 |  1.8
Fighting       | 2 |  2.4
Dodging        | 3 |  3.0
Unarmed Combat | |  3.8
Shapeshifting  | |  3.7

Action                     |  1- 3 |  4- 6 || total
---------------------------+-------+-------++-------
  Melee: Unarmed           |    90 |    64 ||   154
         Constrict         |    22 |    11 ||    33
         Tentacles         |    20 |    14 ||    34
         Punch             |     1 |       ||     1
    Use: Scroll            |     3 |     6 ||     9
         Potion            |       |     1 ||     1
   Stab: Sleeping          |    10 |     6 ||    16
 Armour: Skin              |    36 |    33 ||    69
  Dodge: Dodged            |    39 |    25 ||    64

Table legend: (Time is in decaauts)
 A = Elapsed time spent in this place.
 B = Non-inter-level travel time spent in this place.
 C = Inter-level travel time spent in this place.
 D = Time resting spent in this place.
 E = Time spent auto-exploring this place.
 F = Levels seen in this place.
 G = Mean time per level.
                   A        B        C        D        E       F      G
               +--------+--------+--------+--------+--------+-----+--------+
         Total |   2952 |   2879 |     73 |     81 |   2115 |   4 |  738.0 |
       Dungeon |   2952 |   2879 |     73 |     81 |   2115 |   4 |  738.0 |
               +--------+--------+--------+--------+--------+-----+--------+

Top non-repeatable levels by time:
     D:1: 991 daAuts
     D:2: 937 daAuts
     D:3: 931 daAuts
     D:4: 92 daAuts
